 Dungeon Crawl Stone Soup version 0.29-a0-330-g52719c12eb (webtiles) character file.

Game seed: 9322709155463836592

704 kae the Magician (level 7, -2/36 HPs)
             Began as a Deep Elf Fire Elementalist on May 1, 2022.
             Slain by a wyvern (4 damage)
             ... on level 5 of the Dungeon.
             The game lasted 00:03:22 (6158 turns).

kae the Magician (Deep Elf Fire Elementalist)       Turns: 6158, Time: 00:03:23

Health: -2/36      AC:  3    Str:  7    XL:     7   Next: 39%
Magic:  12/19      EV: 12    Int: 28    God:
Gold:   311        SH:  0    Dex: 15    Spells: 6/19 levels left

rFire   x . .      SeeInvis .   c - +4 mace (vorpal)
rCold   + . .      Faith    .   (no shield)
rNeg    . . .      Spirit   .   a - +1 robe
rPois   +          Reflect  .   (no helmet)
rElec   .          Harm     .   (no cloak)
rCorr   .          Rampage  .   (no gloves)
Will    .....                   (no boots)
Stlth   ++........              (no amulet)
HPRegen 0.12/turn               n - +6 ring of intelligence
MPRegen 0.16/turn               f - ring of Tuuckuu {Ice rPois Str+2}

@: no status effects
A: no striking features
a: no special abilities


You were on level 5 of the Dungeon.
You visited 1 branch of the dungeon, and saw 5 of its levels.
You also visited: Sewer.

You collected 311 gold pieces.

Inventory:

Hand Weapons
 c - a +4 vorpal mace (weapon)
Armour
 a - a +1 robe (worn)
Jewellery
 f - the ring of Tuuckuu (right hand) {Ice rPois Str+2}
   (You found it in a sewer)

   [ring of ice]

   It enhances your ice magic.
   Str:       It affects your strength (+2).
   rF:        It makes you vulnerable to fire.
   rC:        It protects you from cold.
   rPois:     It protects you from poison.
 n - a +6 ring of intelligence (left hand)
Wands
 i - a wand of charming (4)
 k - a wand of digging (8)
Scrolls
 g - a scroll of blinking
 m - a scroll of enchant weapon
 o - a scroll of identify
Potions
 b - 2 potions of magic
 d - a potion of degeneration
 e - 6 potions of curing
 h - 3 potions of attraction
 j - a potion of brilliance
 l - a potion of lignification


   Skills:
 - Level 2.4 Dodging
 - Level 2.4 Stealth
 + Level 6.8 Spellcasting
 + Level 5.1 Conjurations
 + Level 6.1 Fire Magic


You had 6 spell levels left.
You knew the following spells:

 Your Spells              Type           Power      Damage    Failure   Level
a - Foxfire               Conj/Fire      100%       2x1d9     1%          1
b - Scorch                Fire           86%        2d9       1%          2
c - Conjure Flame         Conj/Fire      41%        6-21      1%          3
d - Inner Flame           Hex/Fire       26%        N/A       4%          3
e - Flame Wave            Conj/Fire      41%        2d9       5%          4

Your spell library contained the following spells:

 Spells                   Type           Power      Damage    Failure   Level


Dungeon Overview and Level Annotations

Branches:
Dungeon (5/15)              Sewer (visited)
 Temple: D:4-7

Altars:

Shops:
D:5 (


Message History

Casting: Foxfire (safe; 1% risk of failure)
Confirm with . or Enter, or press ? or * to list all spells.
You conjure some foxfire!
The foxfire hits the hound.
The hound is moderately wounded.
The hound barks!
The foxfire hits the hound.
The hound is severely wounded.
The foxfire hits the hound.
The hound is almost dead.
The foxfire hits the hound!
You kill the hound!
Casting: Foxfire (safe; 1% risk of failure)
Confirm with . or Enter, or press ? or * to list all spells.
You conjure some foxfire!
Your foxfire dissipates!
Magic restored.
Found a stone staircase leading up.
Found a stone staircase leading down.
h - 3 potions of attraction (gained 2)
An iguana and a wyvern come into view.
The iguana hisses angrily.
The iguana moves out of view.
A wyvern is nearby!
A wyvern is nearby!
Casting: Foxfire (safe; 1% risk of failure)
Confirm with . or Enter, or press ? or * to list all spells.
You conjure some foxfire!
The wyvern hisses angrily.
The foxfire hits the wyvern but does no damage.
A wyvern is nearby!
Casting: Foxfire (safe; 1% risk of failure)
Confirm with . or Enter, or press ? or * to list all spells.
The fire begins to smoulder!
The wyvern completely misses you.
Casting: Conjure Flame (safe; 1% risk of failure)
Confirm with . or Enter, or press ? or * to list all spells.
The fire ignites!
You are engulfed in blazing flames.
Ouch! That really hurt!
* * * LOW HITPOINT WARNING * * *
The wyvern bites you.
You die...

..##
#.............# ..#
#.............##
.##
#...............###
.#
#..................
##
#.<................
#
#.............##..
# ##...........##
#### ##.......##.#
...## ###..#####@#
....# ### #l# ....#
#.. ...## ...l ..##
..... ..# .......
.## ........ ##
#......... #


You could see a wyvern and an iguana.

Vanquished Creatures
  An ogre (D:4)
  2 bullfrogs (Sewer)
  3 hounds
  A gnoll shaman (D:4)
  Terence (D:2)
  An orc wizard (D:4)
  4 adders
  11 gnolls
  A worm (D:2)
  4 dart slugs
  11 orcs
  14 ball pythons
  23 endoplasms
  19 giant cockroaches
  8 goblins
  5 hobgoblins
  7 kobolds
  19 quokkas
  7 bats
  14 frilled lizards
  5 rats
161 creatures vanquished.

Vanquished Creatures (others)
  527 foxfires
527 creatures vanquished.

Grand Total: 688 creatures vanquished

Notes
Turn   | Place    | Note
-------+----------+-------------------------------------------
     0 | D:1      | kae the Deep Elf Fire Elementalist began the quest for the
                  | Orb.
     0 | D:1      | Reached XP level 1. HP: 10/10 MP: 6/6
   206 | D:1      | Reached XP level 2. HP: 12/15 MP: 4/8
   746 | D:1      | Reached XP level 3. HP: 19/19 MP: 8/10
   749 | D:1      | Learned a level 2 spell: Scorch
   753 | D:1      | Learned a level 3 spell: Conjure Flame
   780 | D:1      | Learned a level 3 spell: Inner Flame
  2230 | D:2      | Reached XP level 4. HP: 24/24 MP: 4/12
  2310 | D:2      | Noticed Terence
  2472 | D:2      | Killed Terence
  3214 | D:3      | Reached XP level 5. HP: 28/28 MP: 11/14
  3215 | D:3      | Found a glowing drain.
  3262 | Sewer    | Entered a sewer
  3745 | Sewer    | Learned a level 4 spell: Flame Wave
  3769 | Sewer    | Reached skill level 5 in Spellcasting
  3971 | Sewer    | Reached skill level 5 in Fire Magic
  3971 | Sewer    | Reached XP level 6. HP: 26/32 MP: 13/16
  4180 | Sewer    | Identified the ring of Tuuckuu {Ice rPois Str+2}
  4375 | D:3      | Identified the +1 robe "Ummof" {rN++ Int-2 Dex+2}
  5007 | D:4      | Reached XP level 7. HP: 36/36 MP: 6/18
  5569 | D:4      | Reached skill level 5 in Conjurations
  6059 | D:5      | Entered Level 5 of the Dungeon
  6074 | D:5      | Found Himmuydd's Antique Weapon Boutique.
  6154 | D:5      | Noticed a wyvern
  6158 | D:5      | Slain by a wyvern

Illustrated notes

Levels and vault maps discovered:
D:1:      nicolae_arrival_memento_mori, layout_basic, st_stairs_2
D:2:      layout_loops_ring, minmay_circle_x, uniq_terence
D:3:      layout_basic, portal_sewer_entry_d
D:4:      layout_rooms
D:5:      layout_cave_pods, serial_shops, nicolae_shop_stone,
          lexackson_kobold_supper

Skill      XL: |  1  2  3  4  5  6  7 |
---------------+----------------------+-----
Conjurations   | 2 3 4 5 |  5.1
Fire Magic     | 4 5 6 |  6.1
Spellcasting   | 4 5 6 |  6.8
Dodging        | |  2.4
Stealth        | |  2.4

Action                   |  1- 3 |  4- 6 |  7- 9 || total
-------------------------+-------+-------+-------++-------
Melee: Mace              |       |     5 |     1 ||     6
 Cast: Foxfire           |   117 |   150 |    49 ||   316
       Scorch            |     4 |     7 |     5 ||    16
       Conjure Flame     |       |     2 |     2 ||     4
  Use: Scroll            |       |     9 |     2 ||    11
       Potion            |       |     2 |       ||     2
Armor: Robe              |     5 |     1 |     2 ||     8
       Skin              |       |     2 |     3 ||     5
Dodge: Dodged            |    23 |    31 |     9 ||    63

Table legend: (Time is in decaauts)
 A = Elapsed time spent in this place.
 B = Non-inter-level travel time spent in this place.
 C = Inter-level travel time spent in this place.
 D = Time resting spent in this place.
 E = Time spent auto-exploring this place.
 F = Levels seen in this place.
 G = Mean time per level.
                   A        B        C        D        E       F      G
               +--------+--------+--------+--------+--------+-----+--------+
         Total |   6235 |   6082 |    153 |    297 |   4644 |   6 | 1039.2 |
       Dungeon |   5222 |   5069 |    153 |    297 |   3883 |   5 | 1044.4 |
         Sewer |   1013 |   1013 |      0 |      0 |    761 |   1 | 1013.0 |
               +--------+--------+--------+--------+--------+-----+--------+

Top non-repeatable levels by time:
     D:1: 1749 daAuts
     D:2: 1264 daAuts
     D:4: 1175 daAuts
   Sewer: 1013 daAuts
     D:3: 934 daAuts
     D:5: 98 daAuts
